 Dungeon Crawl Stone Soup version 0.21.1-1-g345015f (webtiles) character file.

196 kae the Chopper (level 5, 0/47 HPs)
             Began as a Hill Orc Fighter on June 11, 2018.
             Killed from afar by inc's ghost (11 damage)
             ... with a stone arrow
             ... on level 3 of the Dungeon.
             The game lasted 00:01:58 (2229 turns).

kae the Chopper (Hill Orc Fighter)                  Turns: 2229, Time: 00:01:59

Health: 0/47       AC:  9    Str: 20    XL:     5   Next: 74%
Magic:  5/5        EV:  8    Int:  8    God:
Gold:   150        SH:  9    Dex: 10    Spells: 4/4 levels left

rFire    . . .     SeeInvis .   a - +0 war axe
rCold    . . .     Gourm    .   c - +0 shield
rNeg     . . .     Faith    .   b - +0 scale mail
rPois    .         Spirit   .   p - +2 hat
rElec    .         Reflect  .   (no cloak)
rCorr    .         Harm     .   (no gloves)
MR       .....                  (no boots)
Stlth    ..........             (no amulet)
HPRegen  0.15/turn              (no ring)
MPRegen  0.09/turn              (no ring)

@: no status effects
A: no striking features
a: no special abilities


You were on level 3 of the Dungeon.
You were not hungry.

You visited 1 branch of the dungeon, and saw 3 of its levels.

You collected 150 gold pieces.

Inventory:

Hand Weapons
 a - a +0 war axe (weapon)
Armour
 b - a +0 scale mail (worn)
 c - a +0 shield (worn)
 p - a +2 hat (worn)
Scrolls
 e - 2 scrolls of magic mapping
 g - 2 scrolls of remove curse {unknown}
 n - 4 scrolls of identify
 q - a scroll of random uselessness {unknown}
Potions
 d - 3 potions of might
 h - a potion of lignification
 i - a potion of brilliance {unknown}
 j - a potion of heal wounds {unknown}
 k - 3 potions of ambrosia {unknown}
 l - 2 potions of degeneration {unknown}
 m - 2 potions of berserk rage {unknown}
 o - a potion of curing {unknown}
 r - a potion of agility {unknown}
 s - a potion of flight {unknown}
Comestibles
 f - 4 rations
 t - 6 chunks of flesh


   Skills:
 + Level 4.5 Fighting
 * Level 5.1 Axes
 + Level 4.1 Armour
 + Level 1.2 Dodging
 + Level 4.0 Shields


You had 4 spell levels left.
You didn't know any spells.

Dungeon Overview and Level Annotations

Branches:
Dungeon (3/15)

Altars:
Elyvilon
Yredelemnul

Annotations:
D:3 inc's ghost, amateur OpEE


Message History

You closely miss inc's ghost.
Inc's ghost is severely damaged.
Inc's ghost casts a spell at you. The stone arrow hits you!
Ouch! That really hurt!
* * * LOW HITPOINT WARNING * * *
You block inc's ghost's attack.
You are too injured to fight recklessly!
You are too injured to fight recklessly!
You are too injured to fight recklessly!
You are too injured to fight recklessly!
You hit inc's ghost but do no damage.
Inc's ghost is heavily damaged.
Inc's ghost hits you but does no damage.
You hit inc's ghost.
Inc's ghost is severely damaged.
You block inc's ghost's attack.
Inc's ghost stares at you and mumbles some strange words.
The stone arrow hits you!
You die...

.........########..#########.##
..#......#### #.............#
..#....)..).# #..######.#####
..###)##.##.# #.....###.# ..#
#.##.# # #.##...##.### ..# #.##.#
#.#.....รท...###### ..# #.##.#
#.##...##.#....... ..###.##.##
#.##..............
.........#...###@##..###.########
.####.####......W....(...#
......# ....###.##..##### #######
.####.......# .......(##..##
.....##....<.# ....###......# ###
..###..###......... ..#
#...######........### #.#


You could see inc's ghost.

Vanquished Creatures
  A crimson imp (D:3)
  A gnoll (D:1)
  8 adders
  2 worms (D:2)
  4 dart slugs
  A ball python (D:1)
  4 bats
  5 giant cockroaches
  7 goblins
  8 hobgoblins
  5 jackals
  A quokka (D:3)
  4 frilled lizards
  9 kobolds
  11 rats
71 creatures vanquished.

Notes
Turn   | Place    | Note
-------+----------+-------------------------------------------
     0 | D:1      | kae the Hill Orc Fighter began the quest for the Orb.
     0 | D:1      | Reached XP level 1. HP: 19/19 MP: 1/1
   182 | D:1      | Reached skill level 3 in Axes
   182 | D:1      | Reached XP level 2. HP: 27/27 MP: 2/2
   230 | D:1      | Reached XP level 3. HP: 23/33 MP: 3/3
  1253 | D:2      | Found a white marble altar of Elyvilon.
  1330 | D:2      | Found a basalt altar of Yredelemnul.
  1393 | D:2      | Reached XP level 4. HP: 30/40 MP: 4/4
  1462 | D:2      | Reached skill level 4 in Axes
  1764 | D:3      | Reached XP level 5. HP: 43/46 MP: 5/5
  1768 | D:3      | Reached skill level 1 in Dodging
  1877 | D:3      | Noticed inc's ghost (amateur OpEE)
  2175 | D:3      | Reached skill level 5 in Axes
  2229 | D:3      | Killed from afar by inc's ghost

Skill      XL: |  1  2  3  4  5 |
---------------+----------------+-----
Axes           | 3 4 5 |  5.1
Fighting       | 4 |  4.5
Dodging        | 1 |  1.2
Armour         | 4 |  4.1
Shields        | 4 |  4.0

Action                   |  1- 3 |  4- 6 || total
-------------------------+-------+-------++-------
Melee: War axe           |   109 |   102 ||   211
  Use: Scroll            |     3 |       ||     3
  Eat: Chunk             |     1 |     4 ||     5
Armor: Scale mail        |    49 |    51 ||   100
Dodge: Dodged            |    38 |    29 ||    67
Block: Shield            |    64 |    55 ||   119
